 Dungeon Crawl Stone Soup version 0.18.1-48-g4cf74bf (webtiles) character file.

157 Inkary the Skirmisher (level 5, -2/47 HPs)
             Began as a Draconian Monk on July 31, 2016.
             Was a Believer of Okawaru.
             Succumbed to an orc wizard's poison
             ... on level 3 of the Dungeon.
             The game lasted 00:06:30 (2843 turns).

Inkary the Skirmisher (Draconian Monk)              Turns: 2843, Time: 00:06:31

Health: -2/47      AC: 10    Str: 14    XL:     5   Next: 15%
Magic:  5/5        EV: 13    Int: 10    God:    Okawaru [**....]
Gold:   173        SH:  0    Dex: 14    Spells: 0 memorised, 4 levels left

rFire  . . .     SeeInvis .     c - +2 falchion (protect)
rCold  . . .     Gourm    .     (armour unavailable)
rNeg   . . .     Faith    .     (no shield)
rPois  .         Spirit   .     (helmet restricted)
rElec  .         Dismiss  .     (no cloak)
rCorr  .         Reflect  .     (no gloves)
SustAt .         Harm     .     (no boots)
MR     .....                    (no amulet)
Stlth  ++........               (no ring)
                                (no ring)

@: lethally poisoned (-2 -> -42), flying, not resistant to hostile enchantments,
unstealthy
A: unfitting armour, cold-blooded, AC +5
a: Heroism, Renounce Religion


You were on level 3 of the Dungeon.
You worshipped Okawaru.
Okawaru was pleased with you.
You were not hungry.

You visited 1 branch of the dungeon, and saw 3 of its levels.

You collected 173 gold pieces.

Inventory:

Hand Weapons
 c - a +2 falchion of protection (weapon)
Missiles
 o - a throwing net (quivered)
Jewellery
 m - a +2 ring of intelligence {unknown}
 p - an uncursed ring of fire {unknown}
Wands
 l - a wand of lightning (11/15)
Scrolls
 d - a scroll of teleportation {unknown}
 g - a scroll of identify {unknown}
 k - a scroll of immolation {unknown}
Potions
 f - a potion of cancellation {unknown}
 h - a potion of heal wounds {unknown}
 i - a potion of degeneration {unknown}
Comestibles
 a - a bread ration
 b - a slice of pizza
 j - a chunk of flesh
 n - 4 fruits


   Skills:
 + Level 4.8 Fighting
 + Level 3.6 Dodging
 - Level 1.7 Stealth
 + Level 4.8 Unarmed Combat


You had 4 spell levels left.
You didn't know any spells.

Dungeon Overview and Level Annotations

Branches:
Dungeon (3/15)

Altars:
Okawaru

Annotations:
D:2 Sigmund


Innate Abilities, Weirdness & Mutations

Your plain brown scales are hard (AC +5).
Your body does not fit into most forms of armour.
You are cold-blooded and may be slowed by cold attacks.


Message History

You barely miss the orc wizard.
The orc wizard is heavily wounded.
* * * LOW HITPOINT WARNING * * *
You feel very sick.
The orc wizard hits you with a dagger of venom.
* * * LOW HITPOINT WARNING * * *
The orc wizard casts a spell at you. The magic dart hits you!
You slash the orc wizard!
The orc wizard is almost dead.
* * * LOW HITPOINT WARNING * * *
You feel very sick.
The orc wizard hits you but does no damage.
You are more poisoned.
The orc wizard misses you.
Drink which item? (? for menu, Esc to quit)
It was a potion of flight.
You feel very buoyant.
You fly up into the air.
You die...

.. ######.....)...# #.
####..........###.#
#.####<##..........###.#######
#....).##.....................
######.##..........###.#######
#...#.##..............#
##.....##.......####.#.#
#......##.......####.#.#######
#...........o@..)...........>#
#...............####.#..######
#..................#.#..#
#....#....###.##...#.#..#
##...#.##.###.##.....##.#
#...(................##.#
####.....#.............###.#
..#................###.# #.#
###................# #.# #.#


You could see an orc wizard.

Vanquished Creatures
  An orc priest (D:3)
  2 adders (D:2)
  2 oozes (D:3)
  A worm (D:3)
  3 dart slugs (D:1)
  3 giant geckos
  9 orcs (D:3)
  2 ball pythons
  5 giant cockroaches
  8 goblins
  6 hobgoblins
  7 jackals (D:3)
  7 kobolds
  A quokka (D:3)
  7 bats
  2 giant newts
  11 rats
77 creatures vanquished.

Notes
Turn   | Place    | Note
--------------------------------------------------------------
     0 | D:1      | Inkary the Draconian Monk began the quest for the Orb.
     0 | D:1      | Reached XP level 1. HP: 19/19 MP: 1/1
   201 | D:1      | Reached XP level 2. HP: 24/26 MP: 2/2
   612 | D:1      | Reached XP level 3. HP: 33/33 MP: 3/3
   743 | D:2      | Noticed Sigmund
  1043 | D:2      | Found an iron altar of Okawaru.
  1052 | D:2      | Became a worshipper of Warmaster Okawaru
  1052 | D:2      | Reached * piety under Okawaru
  1052 | D:2      | Reached ** piety under Okawaru
  1854 | D:3      | Reached XP level 4. HP: 9/40 MP: 4/4
  2479 | D:3      | Reached XP level 5. HP: 39/47 MP: 5/5
  2842 | D:3      | HP: 1/47 [poisoned by an orc wizard]
  2843 | D:3      | Succumbed to an orc wizard's poison

Skill      XL: |  1  2  3 |
---------------+----------+-----
Dodging        | 3 |  3.6
Fighting       | 4 |  4.8
Stealth        | |  1.7
Unarmed Combat | |  4.8

Action                   |  1- 3 |  4- 6 || total
-------------------------+-------+-------++-------
Melee: Unarmed           |   135 |     7 ||   142
       Tailslap          |    12 |    14 ||    26
       Falchion          |       |    97 ||    97
       Punch             |       |     2 ||     2
  Use: Potion            |       |     3 ||     3
 Stab: Sleeping          |     7 |     1 ||     8
  Eat: Chunk             |     3 |     3 ||     6
Armor: Skin              |    26 |    51 ||    77
Dodge: Dodged            |   110 |   106 ||   216
